 Dungeon Crawl Stone Soup version 0.29-a0-555-g3b24f45cc1 (webtiles) character file.

Game seed: 9832380100041820663

53 KateP the Covered (level 3, -3/33 HPs)
             Began as a Minotaur Fighter on June 8, 2022.
             Splashed by a jelly's acid (9 damage)
             ... on level 3 of the Dungeon.
             The game lasted 00:01:14 (2239 turns).

KateP the Covered (Minotaur Fighter)                Turns: 2239, Time: 00:01:18

Health: -3/33      AC:  3    Str: 22    XL:     3   Next: 64%
Magic:  2/2        EV:  9    Int:  5    God:
Gold:   116        SH:  4    Dex:  9    Spells: 2/2 levels left

rFire   . . .      SeeInvis .   a - +0 war axe
rCold   . . .      Faith    .   c - +0 buckler
rNeg    . . .      Spirit   .   b - +0 scale mail
rPois   .          Reflect  .   (helmet restricted)
rElec   .          Harm     .   (no cloak)
rCorr   .          Rampage  .   (no gloves)
Will    .....                   (no boots)
Stlth   ..........              (no amulet)
HPRegen 0.11/turn               (no ring)
MPRegen 0.08/turn               (no ring)

@: corroded
A: horns 2, retaliatory headbutt
a: no special abilities


You were on level 3 of the Dungeon.
You visited 1 branch of the dungeon, and saw 3 of its levels.

You collected 116 gold pieces.

Inventory:

Hand Weapons
 a - a +0 war axe (weapon)
Armour
 b - a +0 scale mail (worn)
 c - a +0 buckler (worn)
Wands
 q - a wand of flame (14)
Scrolls
 e - 2 scrolls of noise {unknown}
 g - 6 scrolls of identify {unknown}
 l - 3 scrolls of teleportation {unknown}
 o - 2 scrolls of poison {unknown}
 p - a scroll of vulnerability {unknown}
 t - a scroll of enchant armour {unknown}
 u - a scroll of torment {unknown}
Potions
 d - a potion of might
 f - a potion of mutation {unknown}
 h - 2 potions of heal wounds {unknown}
 i - 5 potions of lignification {unknown}
 j - 2 potions of ambrosia {unknown}
 k - 2 potions of berserk rage {unknown}
 m - 2 potions of curing {unknown}
 n - 2 potions of brilliance {unknown}
 r - a potion of flight {unknown}
 s - a potion of magic {unknown}


   Skills:
 + Level 4.1 Fighting
 * Level 3.6 Axes
 + Level 4.1 Armour
 + Level 4.1 Shields


You had 2 spell levels left.
You didn't know any spells.
Your spell library was empty.

Dungeon Overview and Level Annotations

Branches:
Dungeon (3/15)

Altars:


Innate Abilities, Weirdness & Mutations

You have a pair of horns on your head.
You reflexively headbutt those who attack you in melee.


Message History

The giant cockroach misses you. The giant cockroach closely misses you.
You furiously retaliate!
You headbutt the giant cockroach.
You kill the giant cockroach!
You see here a +0 short sword.
i - 5 lumpy golden potions (gained 1)
Found 15 stones.
No target in view!
A jelly comes into view.
The jelly quivers.
A jelly is nearby!
An orc and a hobgoblin come into view.
The orc shouts!
The hobgoblin shouts!
The jelly closely misses you. You furiously retaliate!
You headbutt the jelly. You hit the jelly. The acid corrodes you!
Your hands burn!
The jelly is heavily wounded.
The orc hits you from afar with a +0 trident.
The jelly hits you but does no damage.
An orc comes into view. It is wielding a +0 club.
There are monsters nearby!
There are monsters nearby!
The orc shouts!
You hit the jelly.
Your hands burn!
The jelly is severely wounded.
The orc barely misses you. The jelly hits you.
You are splashed with acid!
There are monsters nearby!
You are too injured to fight recklessly!
There are monsters nearby!
You are too injured to fight recklessly!
There are monsters nearby!
You are too injured to fight recklessly!
There are monsters nearby!
You are too injured to fight recklessly!
The jelly attacks as you move away! The jelly hits you but does no damage.
You hit the jelly.
Your hands burn!
* * * LOW HITPOINT WARNING * * *
The jelly is almost dead.
You block the jelly's attack. The jelly hits you.
* * * LOW HITPOINT WARNING * * *
The acid corrodes you!
You are splashed with acid!
You die...

#.#..# #.# #####
#...## #.# ...#
##.## #.# #
###.####.## #..
#.#.......#.########
#.#.#.##.###........
#.....###.#.###.####
###.### ##.##
##@#### #.# ##.J...#
#.# ##.o###..##.#
#.g.# .##.# #..##
...# #.o# ##. #...#
# #..#.. #.(##.#


You could see a jelly, 2 orcs and a hobgoblin.

Vanquished Creatures
  2 adders
  A worm (D:3)
  6 endoplasms
  2 giant cockroaches
  3 hobgoblins
  6 kobolds
  2 ball pythons
  3 bats
  3 goblins (D:2)
  3 rats
31 creatures vanquished.

Notes
Turn   | Place    | Note
-------+----------+-------------------------------------------
     0 | D:1      | KateP the Minotaur Fighter began the quest for the Orb.
     0 | D:1      | Reached XP level 1. HP: 19/19 MP: 0/0
   357 | D:1      | Reached XP level 2. HP: 27/27 MP: 1/1
   678 | D:1      | Found a faded altar of an unknown god.
  1794 | D:2      | Reached XP level 3. HP: 25/33 MP: 2/2
  2239 | D:3      | Splashed by a jelly's acid

Illustrated notes

Levels and vault maps discovered:
D:1:      psy_arrival_conway, layout_loops_ring, basic_ecumenical_altar
D:2:      layout_basic
D:3:      layout_loops_ring, hangedman_decor_growths, grunt_ministairs_5,
          minmay_ruptured

Skill      XL: |  1  2 |
---------------+-------+-----
Axes           | 3 |  3.6
Fighting       | 4 |  4.1
Armour         | 4 |  4.1
Shields        | 4 |  4.1

Action                   || total
-------------------------++-------
Melee: War axe           ||    73
       Headbutt          ||     9
Armor: Scale mail        ||    28
Dodge: Dodged            ||    34
Block: Buckler           ||    13

Table legend: (Time is in decaauts)
 A = Elapsed time spent in this place.
 B = Non-inter-level travel time spent in this place.
 C = Inter-level travel time spent in this place.
 D = Time resting spent in this place.
 E = Time spent auto-exploring this place.
 F = Levels seen in this place.
 G = Mean time per level.
                   A        B        C        D        E       F      G
               +--------+--------+--------+--------+--------+-----+--------+
         Total |   2271 |   2271 |      0 |      0 |   1967 |   3 |  757.0 |
       Dungeon |   2271 |   2271 |      0 |      0 |   1967 |   3 |  757.0 |
               +--------+--------+--------+--------+--------+-----+--------+

Top non-repeatable levels by time:
     D:2: 1008 daAuts
     D:1: 1003 daAuts
     D:3: 259 daAuts
